 Dungeon Crawl Stone Soup version 0.16.1-51-g6203257 (webtiles) character file.

205 RepoMan the Magician (level 5, -9/38 HPs)
             Began as a Ghoul Wizard on July 10, 2015.
             Was a Believer of Vehumet.
             Mangled by an iguana (13 damage)
             ... on level 4 of the Dungeon.
             The game lasted 00:45:10 (4518 turns).

RepoMan the Magician (Ghoul Wizard)                 Turns: 4518, Time: 00:45:10

Health: -9/38      AC:  2    Str: 11      XL:     5   Next: 83%
Magic:  2/10       EV:  2    Int: 14      God:    Vehumet [**....]
Gold:   161        SH:  0    Dex:  0 (7)  Spells: 4 memorised, 3 levels left

rFire  . . .     SeeInvis .     (no weapon)
rCold  + . .     Clarity  .     a - +0 robe
rNeg   + + +     SustAb   .     (no shield)
rPois  ∞         Gourm    .     b - +0 hat
rElec  .         Spirit   .     (no cloak)
rCorr  .         Warding  .     (no gloves)
rMut   .         Stasis   .     (no boots)
MR     +....                    d - amulet of faith
Stlth  ..........               (no ring)
                                f - ring of protection from magic

@: very slightly contaminated, rotting, lost dexterity, very slow, somewhat
resistant to hostile enchantments, extremely unstealthy
A: rotting body, claws 1, carnivore 3, cold resistance 1, negative energy
resistance 3, poison resistance, slow healing 1, torment resistance, unbreathing
a: Renounce Religion


You were on level 4 of the Dungeon.
You worshipped Vehumet.
Vehumet was pleased with you.
You were not hungry.

You visited 1 branch of the dungeon, and saw 4 of its levels.
You also visited: Sewer.

You collected 161 gold pieces.

Inventory:

Missiles
 g - 34 poisoned needles
 p - 14 stones (quivered)
Armour
 a - a +0 robe (worn)
 b - a +0 hat (worn)
 j - a +0 robe
 r - a +2 leather armour of fire resistance
 v - a +0 pair of gloves
Jewellery
 d - an amulet of faith (around neck)
 f - a ring of protection from magic (left claw)
 m - an uncursed amulet of stasis {unknown}
Magical devices
 k - a wand of magic darts (20)
 t - a wand of confusion (6)
Scrolls
 h - a scroll of blinking {unknown}
 i - a scroll of identify
 w - 2 scrolls of immolation
Potions
 e - a potion of heal wounds
 o - a potion of flight
 s - a potion of mutation {unknown}
 x - a potion of degeneration {unknown}
Books
 c - a book of Minor Magic

   Spells                             Type                      Level
   a - Magic Dart                     Conjuration                  1
   b - Blink                          Translocation                2
   c - Call Imp                       Summoning                    2
   d - Repel Missiles                 Charms/Air                   2
   e - Slow                           Hexes                        2
   f - Conjure Flame                  Conjuration/Fire             3
   g - Mephitic Cloud                 Conjuration/Poison/Air       3
Comestibles
 n - 3 meat rations
 q - a beef jerky


   Skills:
 - Level 1.7 Dodging
 - Level 2.1 Stealth
 + Level 3.6 Spellcasting
 * Level 3.4 Conjurations
 - Level 0.8 Summonings
 - Level 2.0 Translocations


You had 3 spell levels left.
You knew the following spells:

 Your Spells              Type           Power        Failure   Level  Hunger
a - Magic Dart            Conj           ##..         6%          1    None
b - Blink                 Tloc           N/A          17%         2    ##.....
c - Call Imp              Summ           #.......     24%         2    ##.....
f - Mephitic Cloud        Conj/Pois/Air  #.......     38%         3    ###....


Dungeon Overview and Level Annotations

Branches:
Dungeon (4/15)
 Temple: D:4-7

Altars:
Makhleb
Okawaru
Trog
Vehumet


Innate Abilities, Weirdness & Mutations

Your body is rotting away.
You thrive on raw meat.
You have sharp fingernails.
You are carnivorous and can eat meat at any time.
Your flesh is cold resistant.
You are immune to negative energy.
Your system is resistant to poisons.
You heal slowly when monsters are visible.
You are immune to unholy pain and torment.
You can survive without breathing.


Message History

Nothing appears to happen.
The iguana seems less confused.
Casting: Magic Dart
Confirm with . or Enter, or press ? or * to list all spells.
A beastly little devil appears in a puff of frigid air.
What do you say? t - Shout!
Orders for allies: a - Attack new target. p - Attack previous target. r - Retreat! s - Stop attacking. w - Wait here. f - Follow me.
Anything else - Stay silent.
Gang up on whom?
Press: ? - help, Dir - move target cursor, f/p - iguana
Aim: an iguana (lightly wounded) Attack!
The iguana bites you!
Your white imp barely misses the iguana.
The iguana bites you!
* * * LOW HITPOINT WARNING * * *
Your white imp closely misses the iguana.
The iguana bites you!
You die...

...# #.....................#...#.
...###...#....#...............##.
.)......####.....................
...###### #..#.#............##..
...# ##.#.#........##...#..
?..#### ####...#................
......# #.#..###........)....##.
#####.####....######..#..........
#......#...(@.5#..........##.
######.#.###'l###.........###
#...#≈≈..≈≈#............ #####
##..#≈♣..♣≈#......#.....
....#######..#≈.##.≈#.....##.....
....##...)...#≈. .≈#....####....
.......####..#≈♣ ♣≈#..#.##......
.....######..#≈ ≈#..#.##.##...
.....###....#########..<.........


You could see an iguana and a friendly white imp.

Vanquished Creatures
  A quasit (D:4)
  Jessica (D:2)
  3 gnolls (D:3)
  2 adders
  2 giant geckos (D:3)
  3 oozes
  An orc (D:3)
  2 ball pythons
  6 bats
  7 giant cockroaches
  15 goblins
  8 hobgoblins
  8 jackals
  8 kobolds
  A quokka (D:2)
  3 giant newts
  10 rats
81 creatures vanquished.

Vanquished Creatures (collateral kills)
  Ijyb (D:2)
  A gnoll (D:3)
  A giant mite (D:4)
  A worm (D:3)
  An orc (D:3)
  A hobgoblin (D:2)
  A jackal (D:2)
  A kobold (D:2)
8 creatures vanquished.

Vanquished Creatures (others)
  A shadow imp (D:4)
  A white imp (D:4)
2 creatures vanquished.

Grand Total: 91 creatures vanquished

Notes
Turn   | Place    | Note
--------------------------------------------------------------
     0 | D:1      | RepoMan, the Ghoul Wizard, began the quest for the Orb.
     0 | D:1      | Reached XP level 1. HP: 14/14 MP: 3/3
   119 | D:1      | Reached skill level 1 in Conjurations
   421 | D:1      | Reached XP level 2. HP: 15/20 MP: 1/5
   541 | D:1      | Learned a level 2 spell: Blink
   544 | D:1      | Learned a level 2 spell: Call Imp
   599 | D:1      | Reached skill level 3 in Spellcasting
  1096 | D:1      | Reached XP level 3. HP: 19/26 MP: 7/7
  1496 | D:2      | Noticed Jessica
  1500 | D:2      | Killed Jessica
  1747 | D:2      | Noticed Ijyb
  1822 | D:2      | Killed Ijyb
  1822 | D:2      | Reached XP level 4. HP: 6/33 MP: 3/8
  1971 | D:2      | Found a radiant altar of Vehumet.
  1971 | D:2      | Found a burning altar of Makhleb.
  1974 | D:2      | Became a worshipper of Vehumet
  2531 | D:3      | Reached skill level 1 in Translocations
  2653 | D:3      | Found a bloodstained altar of Trog.
  2733 | D:3      | Found a glowing drain.
  2737 | Sewer    | Entered a sewer
  2876 | Sewer    | Acquired Vehumet's first power
  2876 | Sewer    | Offered knowledge of Sandblast by Vehumet.
  2916 | Sewer    | Noticed Purgy
  2925 | Sewer    | Learned a level 3 spell: Mephitic Cloud
  3322 | D:3      | Reached XP level 5. HP: 38/38 MP: 2/10
  3588 | D:3      | Found an iron altar of Okawaru.
  4171 | D:4      | Offered knowledge of Throw Flame by Vehumet.
  4321 | D:4      | Lost dexterity.
  4518 | D:4      | Mangled by an iguana

Action                   |  1- 3 |  4- 6 || total
-------------------------+-------+-------++-------
Melee: Unarmed           |   104 |    99 ||   203
 Cast: Magic Dart        |    66 |   155 ||   221
       Call Imp          |     6 |    12 ||    18
       Mephitic Cloud    |       |     1 ||     1
Evoke: Wand              |     2 |     6 ||     8
  Use: Potion            |     1 |     8 ||     9
       Scroll            |       |     7 ||     7
 Stab: Confused          |       |     1 ||     1
  Eat: Chunk             |     7 |    22 ||    29
